 Dungeon Crawl Stone Soup version 0.22-a0-525-gf69a080 (webtiles) character file.

15440 Amnesiac the Eclecticist (level 12, -12/58 HPs)
             Began as a Spriggan Earth Elementalist on June 21, 2018.
             Was a Priest of Ashenzari.
             Mangled by a cyan ugly thing (19 damage)
             ... on level 12 of the Dungeon.
             The game lasted 00:30:37 (14626 turns).

Amnesiac the Eclecticist (SpEE)                    Turns: 14626, Time: 00:30:38

Health: -12/58     AC:  6    Str:  4    XL:     12   Next: 1%
Magic:  29/33      EV: 22    Int: 22    God:    Ashenzari [***...]
Gold:   459        SH:  0    Dex: 16    Spells: 28/43 levels left

rFire    . . .     SeeInvis +   a - +2 dagger (drain) (curse)
rCold    . . .     Gourm    .   (shield restricted)
rNeg     . . .     Faith    .   c - +0 robe
rPois    +         Spirit   .   (helmet restricted)
rElec    .         Reflect  .   v - +1 cloak
rCorr    .         Harm     +   (gloves unavailable)
MR       ++...                  (boots unavailable)
Stlth    +++.......             y - amulet of harm (curse)
HPRegen  0.19/turn              t - +2 ring of protection (curse)
MPRegen  0.23/turn              D - ring of poison resistance

@: very quick
A: very small, unfitting armour, see invisible, herbivore, speed 3, slow
metabolism 2
a: Curse Item, Scrying, Renounce Religion


You were on level 12 of the Dungeon.
You worshipped Ashenzari.
Ashenzari was most pleased with you.
You were not hungry.

You visited 3 branches of the dungeon, and saw 14 of its levels.

You collected 775 gold pieces.
You spent 316 gold pieces at shops.

Inventory:

Hand Weapons
 a - a cursed +2 dagger of draining (weapon)
 I - the +5 hand axe "Globulus" {flame, rC+ rN+}
   (You found it on level 11 of the Dungeon)

   It has been specially enchanted to burn those struck by it, causing extra
   injury to most foes and up to half again as much damage against particularly
   susceptible opponents.
   Big, fiery blades are also staple armaments of hydra-hunters.
   It protects you from cold.
   It protects you from negative energy.
Missiles
 b - 333 stones (quivered)
Armour
 c - a +0 robe (worn)
 v - a +1 cloak (worn)
Jewellery
 t - a cursed +2 ring of protection (left hand)
 y - a cursed amulet of harm (around neck)
 D - a ring of poison resistance (right hand)
 G - an uncursed amulet of guardian spirit
Wands
 r - a wand of disintegration (12)
 B - a wand of digging (16)
 F - a wand of enslavement (11)
 H - a wand of clouds (5)
Scrolls
 j - 5 scrolls of blinking {!r}
 k - 6 scrolls of remove curse {!r}
 n - 3 scrolls of amnesia {!r}
 q - 3 scrolls of magic mapping {!r}
 s - 4 scrolls of teleportation {!r}
 u - 2 scrolls of enchant weapon {!r}
 w - 2 scrolls of enchant armour {!r}
 E - a scroll of identify {!r}
 K - a scroll of random uselessness {!r, unknown}
Potions
 e - 3 potions of magic {!q, unknown}
 f - 3 potions of heal wounds {!q}
 g - a potion of cancellation {!q, unknown}
 h - a potion of invisibility {!q, unknown}
 i - a potion of agility {!q}
 l - a potion of berserk rage {!q, unknown}
 m - 2 potions of brilliance {!q}
 o - a potion of ambrosia {!q}
 p - a potion of might {!q}
 x - a potion of flight {!q}
 z - 2 potions of haste {!q}
 A - 2 potions of curing {!q}
 C - 2 potions of mutation {!q}
Miscellaneous
 J - a lightning rod (4/4)
Comestibles
 d - 5 rations


   Skills:
 - Level 4.1 Fighting
 - Level 3.0(5.5) Short Blades
 - Level 6.4 Dodging
 + Level 3.4 Stealth
 - Level 16.0 Spellcasting
 - Level 9.1(10.9) Transmutations
 - Level 9.1(10.9) Earth Magic


You had 28 spell levels left.
You knew the following spells:

 Your Spells              Type           Power        Failure   Level  Hunger
a - Stone Arrow           Conj/Erth      #####.       1%          3    None
b - Passwall              Tmut/Erth      ######..     1%          2    None
c - Sandblast             Erth           ######       1%          1    None
d - Lee's Rapid Deconstr  Erth           ######....   1%          5    ##.....
e - Petrify               Tmut/Erth      ######..     1%          4    None

Your spell library contained the following spells:

 Spells                   Type           Power        Failure   Level  Hunger
 Lightning Bolt           Conj/Air       ###.......   63%         5    ##.....
 Confuse                  Hex            ###.....     9%          3    None
 Shock                    Conj/Air       ###.         3%          1    None
 Swiftness                Chrm/Air       ###.....     4%          2    None
 Airstrike                Air            ###.......   30%         4    None
 Confusing Touch          Hex            ###...       3%          1    None
 Metabolic Englaciation   Hex/Ice        ###.......   63%         5    ##.....
 Static Discharge         Conj/Air       ###.....     9%          3    None
 Gell's Gravitas          Tloc           ###.......   9%          3    None
 Yara's Violent Unravell  Hex/Tmut       #####.....   9%          5    ##.....


Dungeon Overview and Level Annotations

Branches:
Dungeon (12/15)            Temple (1/1) D:7            Lair (0/6) D:8
    Orc (1/2) D:9

Altars:
Ashenzari
Cheibriados
Dithmenos
Elyvilon
Fedhas
Gozag
Hepliaklqana
Kikubaaqudgha
Makhleb
Nemelex Xobeh
Okawaru
Qazlal
Ru
Sif Muna
Trog
Uskayaw
Vehumet
Wu Jian
Xom
Yredelemnul
Zin
The Shining One

Shops:
D:6 ?   D:7 (   D:9 !   D:12 :

Annotations:
D:12 Azrael


Innate Abilities, Weirdness & Mutations

You are very small and have problems with some larger weapons.
You are too small for most types of armour.
You have supernaturally acute eyesight. (SInv)
You are a herbivore.
You cover ground extremely quickly.
You need to consume almost no food.


Message History

You start resting.
Magic restored.
You start resting.
HP restored.
Found a ration.
Okay, then.
Wear which item? (? for menu, Esc to quit)
Okay, then.
Put on which piece of jewellery? (? for menu, Esc to quit)
Okay, then.
Put on which piece of jewellery? (? for menu, Esc to quit)
Okay, then.
Put on which piece of jewellery? (? for menu, Esc to quit)
Okay, then.
Okay, then.
Unknown command.
d - 5 rations (gained 1) Search for what [Enter for "a cur", or ? for help]? robe
There is an open door here.
Ashenzari reveals the unseen.
Found a scroll labeled BEICHE VEMYLORPH.
A green ugly thing comes into view.
Casting: Passwall (safe; 1% risk of failure)
Confirm with . or Enter, or press ? or * to list all spells.
Aiming: Passwall (safe; 1% risk of failure)
Press: ? - help, Dir - move target cursor A rock wall.
You begin to meditate on the wall.
You continue meditating on the rock. x4
You finish merging with the rock.
Unknown command.
Casting: Passwall (safe; 1% risk of failure)
Confirm with . or Enter, or press ? or * to list all spells.
Aiming: Passwall (safe; 1% risk of failure)
Press: ? - help, Dir - move target cursor A rock wall.
You begin to meditate on the wall.
You continue meditating on the rock. x2
You finish merging with the rock.
A cyan ugly thing comes into view.
The cyan ugly thing gurgles horribly!
The green ugly thing punches you! The green ugly thing misses you.
Casting: Passwall (safe; 1% risk of failure)
Confirm with . or Enter, or press ? or * to list all spells.
Aiming: Petrify (safe; 1% risk of failure)
Press: ? - help, Shift-Dir - straight line, f - green ugly thing
Aim: a green ugly thing (chance to defeat MR: 61%)
The green ugly thing is moving more slowly.
Unknown command.
The green ugly thing stops moving altogether!
The helpless green ugly thing fails to defend itself.
You impale the green ugly thing!!
The green ugly thing is moderately wounded.
The helpless green ugly thing fails to defend itself.
You impale the green ugly thing!! You drain the green ugly thing!
The green ugly thing is severely wounded.
The cyan ugly thing trunk-slaps you. The cyan ugly thing shocks you!
* * * LOW HITPOINT WARNING * * *
The helpless green ugly thing fails to defend itself.
You impale the green ugly thing!!
The green ugly thing is almost dead.
The cyan ugly thing trunk-slaps you!
* * * LOW HITPOINT WARNING * * *
The cyan ugly thing shocks you!
You die...

## ########################
.#######..............?........
##.....#...#.......#.........# ,
.#.⌠.⌠.#<.......@u....##.....##
.'..∩..#.........u###..........,
##.⌠.⌠.#..#..###### #...####+
#.....#..#..#...# #.#u# ,,
#######.....#...# *#.#.#
#..........#..^##.#.#.# ,
#####+###..).#......#.#u#
........'....#...##.#.#.# * *
.##.#####....#...# ,+.#.#* * ,


You could see 2 ugly things.

Vanquished Creatures
  A hydra (D:11)
  A centaur warrior (D:8)
  5 two-headed ogres
  The ghost of Torious the Destroyer, a journeyman DECj of Sif Muna (D:11)
  An orc knight (Orc:1)
  Pikel (D:7)
  A cyclops (D:11)
  An ugly thing (D:11)
  A manticore (D:11)
  Maurice (D:11)
  3 trolls
  A vampire (D:11)
  A spriggan (D:10)
  A wyvern (D:9)
  6 yaks (D:10)
  A hungry ghost (D:12)
  Menkaure (D:4)
  A warg (D:9)
  A water moccasin (D:8)
  2 porcupines (D:8)
  6 orc warriors
  A sky beast (D:8)
  2 phantoms
  2 ice beasts
  An eye of draining (D:9)
  A black bear (D:7)
  6 ogres
  A crocodile (D:10)
  A centaur (D:9)
  9 big kobolds
  9 bullfrogs
  3 scorpions
  15 killer bees
  2 howler monkeys (D:4)
  2 crimson imps
  2 bullfrog zombies
  A quasit (D:10)
  7 orc priests
  2 hounds (D:10)
  3 jellies
  5 orc wizards
  A centaur skeleton (D:8)
  4 iguanas
  9 worker ants
  A hound zombie (D:8)
  2 hound skeletons (D:10)
  2 worker ant zombies
  9 adders
  A howler monkey skeleton (D:9)
  15 gnolls
  2 shadow imps
  3 oozes
  An adder skeleton (D:7)
  3 worms
  4 dart slugs
  8 leopard geckos
  55 orcs
  9 bats
  2 giant cockroaches
  33 goblins
  27 hobgoblins
  18 jackals
  4 quokkas
  2 ball pythons
  A ball python zombie (D:5)
  2 frilled lizards
  A jackal skeleton (D:4)
  A jackal zombie (D:8)
  21 kobolds
  2 leopard gecko skeletons
  A leopard gecko zombie (D:7)
  11 rats
368 creatures vanquished.

Vanquished Creatures (others)
  A kobold (D:7)
  5 fungi (D:8)
  4 plants (D:8)
10 creatures vanquished.

Grand Total: 378 creatures vanquished

Notes
Turn   | Place    | Note
-------+----------+-------------------------------------------
     0 | D:1      | Amnesiac the Spriggan Earth Elementalist began the quest for the Orb.
     0 | D:1      | Reached XP level 1. HP: 9/9 MP: 5/5
   329 | D:1      | Reached skill level 3 in Spellcasting
   335 | D:1      | Reached XP level 2. HP: 11/13 MP: 4/7
   339 | D:1      | Learned a level 2 spell: Passwall
  1483 | D:2      | Reached XP level 3. HP: 9/16 MP: 2/8
  1559 | D:2      | Learned a level 3 spell: Stone Arrow
  1899 | D:2      | Reached XP level 4. HP: 17/21 MP: 4/9
  2839 | D:3      | Found a glowing golden altar of the Shining One.
  3052 | D:3      | Reached XP level 5. HP: 18/24 MP: 7/11
  3459 | D:3      | Learned a level 4 spell: Petrify
  4250 | D:4      | Reached skill level 5 in Dodging
  4252 | D:4      | Reached XP level 6. HP: 28/28 MP: 6/12
  4270 | D:4      | Reached skill level 1 in Short Blades
  4419 | D:4      | Noticed Menkaure
  4425 | D:4      | Killed Menkaure
  4425 | D:4      | Reached skill level 4 in Spellcasting
  4588 | D:4      | Reached XP level 7. HP: 32/32 MP: 5/14
  5033 | D:5      | Entered Level 5 of the Dungeon
  5230 | D:5      | Reached skill level 5 in Earth Magic
  5328 | D:5      | Reached skill level 5 in Transmutations
  5366 | D:5      | Reached skill level 5 in Spellcasting
  5488 | D:5      | Reached XP level 8. HP: 37/37 MP: 11/16
  5709 | D:5      | Reached skill level 1 in Fighting
  5715 | D:5      | Found a sparkling altar of Nemelex Xobeh.
  6282 | D:6      | Learned a level 5 spell: Lee's Rapid Deconstruction
  6343 | D:6      | Found Reugh's Magic Scroll Shop.
  6624 | D:6      | Found a sparkling altar of Nemelex Xobeh.
  6742 | D:6      | Bought a scroll of identify for 22 gold pieces
  6742 | D:6      | Bought a scroll of teleportation for 33 gold pieces
  6742 | D:6      | Bought a scroll of remove curse for 33 gold pieces
  6742 | D:6      | Bought a scroll of magic mapping for 38 gold pieces
  6742 | D:6      | Bought a scroll of amnesia for 38 gold pieces
  6742 | D:6      | Bought a scroll of enchant weapon for 82 gold pieces
  6851 | D:7      | Noticed Pikel
  6895 | D:7      | Killed Pikel
  6895 | D:7      | Reached skill level 6 in Spellcasting
  6895 | D:7      | Reached XP level 9. HP: 40/43 MP: 14/19
  7091 | D:7      | Found Xuzutup's Antique Weapon Shop.
  7117 | D:7      | Found a staircase to the Ecumenical Temple.
  7142 | Temple   | Entered the Ecumenical Temple
  7392 | Temple   | Became a worshipper of Ashenzari the Shackled
  8149 | D:5      | Reached skill level 7 in Spellcasting
  8924 | D:8      | Noticed a centaur warrior
  8938 | D:8      | Killed a centaur warrior
  9092 | D:8      | Noticed a two-headed ogre
  9107 | D:8      | Killed a two-headed ogre
  9107 | D:8      | Reached skill level 8 in Spellcasting
  9107 | D:8      | Reached XP level 10. HP: 49/49 MP: 9/23
  9187 | D:8      | Identified the +4 great sword of Baochir {flame, Dex+7} (You took it off an orc on level 8 of the Dungeon)
  9228 | D:8      | Found a staircase to the Lair.
  9461 | D:8      | Noticed a two-headed ogre
  9483 | D:8      | Killed a two-headed ogre
  9483 | D:8      | Reached skill level 9 in Spellcasting
  9618 | D:8      | Noticed a two-headed ogre
  9636 | D:8      | Killed a two-headed ogre
  9636 | D:8      | Reached skill level 10 in Spellcasting
 10181 | D:8      | Reached * piety under Ashenzari
 10372 | D:9      | Reached skill level 11 in Spellcasting
 10953 | D:9      | Found a staircase to the Orcish Mines.
 10962 | D:9      | Found Cuuniorgh's Distillery.
 10969 | D:9      | Bought a potion of heal wounds for 70 gold pieces
 11535 | Orc:1    | Entered Level 1 of the Orcish Mines
 11731 | Orc:1    | Noticed an orc knight
 11737 | Orc:1    | Reached ** piety under Ashenzari
 11744 | Orc:1    | Killed an orc knight
 11744 | Orc:1    | Reached skill level 12 in Spellcasting
 11744 | Orc:1    | Reached XP level 11. HP: 26/53 MP: 23/28
 11752 | Orc:1    | Noticed an orc knight
 11871 | D:10     | Entered Level 10 of the Dungeon
 12414 | D:10     | Reached skill level 13 in Spellcasting
 13136 | D:10     | Noticed a two-headed ogre
 13147 | D:10     | Killed a two-headed ogre
 13147 | D:10     | Reached skill level 14 in Spellcasting
 13329 | D:11     | Found a runed gate.
 13358 | D:11     | Found a runed gate.
 13358 | D:11     | Found a runed gate.
 13358 | D:11     | Noticed Torious's ghost (journeyman DECj)
 13362 | D:11     | Noticed an 11-headed hydra
 13402 | D:11     | Killed an 11-headed hydra
 13408 | D:11     | Killed Torious's ghost
 13627 | D:11     | Reached skill level 15 in Spellcasting
 13790 | D:11     | Noticed a purple ugly thing
 13793 | D:11     | Killed a purple ugly thing
 13859 | D:11     | Identified the +5 hand axe "Globulus" {flame, rC+ rN+}
 13860 | D:11     | Noticed Maurice
 13873 | D:11     | Killed Maurice
 13996 | D:11     | Noticed a two-headed ogre
 14004 | D:11     | Killed a two-headed ogre
 14004 | D:11     | Reached skill level 16 in Spellcasting
 14004 | D:11     | Reached XP level 12. HP: 58/58 MP: 2/33
 14416 | D:12     | Found Guihacvy's Book Shop.
 14475 | D:12     | Noticed Azrael
 14599 | D:12     | Reached *** piety under Ashenzari
 14626 | D:12     | Mangled by a cyan ugly thing

Vault maps used:
D:1:      minmay_arrival_loop, fountainhead
D:2:      minmay_tetromino_l2
D:3:      old_standard_altar
D:4:      uniq_menkaure
D:5:      minmay_goblin_kobold_castle, first_ration, nemelex_dance_club_becter
D:6:      serial_shops, shop, minmay_misc_feat_rows,
          nemelex_xobeh_ov_fountains_minmay
D:7:      minmay_temple_entry_statues_pillars, serial_shops,
          nicolae_shop_temple_entry_statues_fountains, uniq_pikel
D:8:      grunt_lair_entry_orc_guard_hut
D:9:      orc_0_dummy, serial_shops, nicolae_shop_competitors_out_of_business
D:10:     grunt_pizzeria
D:11:     gammafunk_ghost_hydra_chop, uniq_maurice
D:12:     serial_shops, kennysheep_little_box, kennysheep_just_a_vault,
          uniq_azrael
Temple:   roderic_octagonal_lattice_temple

Skill      XL: |  1  2  3  4  5  6  7  8  9 10 11 |
---------------+----------------------------------+-----
Earth Magic    | 3 4 5 6 8 9 |  9.1
Spellcasting   | 3 4 5 6 8 12 16 | 16.0
Transmutations | 3 4 5 6 8 9 |  9.1
Dodging        | 6 |  6.4
Short Blades   | 1 3 |  3.0
Fighting       | 2 4 |  4.1
Stealth        | |  3.4

Action                   |  1- 3 |  4- 6 |  7- 9 | 10-12 || total
-------------------------+-------+-------+-------+-------++-------
Melee: Unarmed           |    97 |    82 |       |       ||   179
       Dagger            |       |   218 |   360 |   359 ||   937
 Cast: Sandblast         |    38 |    43 |    88 |     7 ||   176
       Stone Arrow       |       |    11 |    12 |     2 ||    25
       Passwall          |       |     3 |     5 |    10 ||    18
       Petrify           |       |       |     7 |    24 ||    31
       Lee's Rapid Decon |       |       |     3 |    56 ||    59
Invok: Curse Item        |       |       |     3 |       ||     3
  Use: Scroll            |       |       |       |    10 ||    10
 Stab: Sleeping          |     3 |     9 |     7 |     6 ||    25
       Distracted        |       |     1 |       |       ||     1
       Petrified         |       |       |    15 |    40 ||    55
       Petrifying        |       |       |     5 |     8 ||    13
  Eat: Ration            |       |     2 |     4 |     7 ||    13
Armor: Robe              |    13 |    31 |    39 |    30 ||   113
Dodge: Dodged            |    81 |   278 |   327 |   251 ||   937

Table legend:
 A = Spawn XP
 B = Non-spawn XP
 C = Spawn XP percentage of total XP
 D = Spawn monster count
 E = Non-spawn monster count
 F = Spawn count percentage of total count
 G = Total turns spent on level
                    A         B        C        D         E        F      G
               +---------+---------+-------+---------+---------+-------+---------
         Total |       0 |   22058 |   0.0 |       0 |     368 |   0.0 | 14626
               +---------+---------+-------+---------+---------+-------+---------
           D:1 |       0 |      33 |   0.0 |       0 |      17 |   0.0 |  1258
           D:2 |       0 |     107 |   0.0 |       0 |      33 |   0.0 |  1663
           D:3 |       0 |     154 |   0.0 |       0 |      34 |   0.0 |  1427
           D:4 |       0 |     506 |   0.0 |       0 |      23 |   0.0 |   805
           D:5 |       0 |    1658 |   0.0 |       0 |      90 |   0.0 |  1658
           D:6 |       0 |     204 |   0.0 |       0 |       6 |   0.0 |   875
           D:7 |       0 |    1222 |   0.0 |       0 |      29 |   0.0 |   947
           D:8 |       0 |    5139 |   0.0 |       0 |      39 |   0.0 |  1397
           D:9 |       0 |    1364 |   0.0 |       0 |      21 |   0.0 |  1567
          D:10 |       0 |    4702 |   0.0 |       0 |      47 |   0.0 |  1382
          D:11 |       0 |    5680 |   0.0 |       0 |      19 |   0.0 |  1050
          D:12 |       0 |     186 |   0.0 |       0 |       1 |   0.0 |   258
         Orc:1 |       0 |    1103 |   0.0 |       0 |       9 |   0.0 |    62
               +---------+---------+-------+---------+---------+-------+---------
